cohdb
Replays
Latest Replays
All Replays
Popular Replays
Top Player Replays
Match Explorer
How It Works
Community
CoH3 Stats
Reddit
Sign in to upload your games and track your stats! →
Sign in with Steam
Match 38106779
Unlisted
Match 38106779
Overview
Messages
Build Orders
End
Royal Engineer Section
Selects Heavy Armor Battlegroup
Selects Heavy Armor Battlegroup
Construct Section Command Post
Infantry Section
Infantry Section
Vickers Machine Gun Team
Construct Field Infirmary
Selects Engineer Detachments
Construct Platoon Command Post
Whiskey Tango Garden
REGULATOR
0
0
Comments
sign in to comment!
No comments posted yet!